 Dungeon Crawl Stone Soup version 0.30-a0-310-g7d6cbdf (webtiles) character file.

Game seed: 6431704725585173771

135 Sixotanaka the Slasher (level 5, 0/58 HPs)
             Began as a Barachi Warper on Oct 24, 2022.
             Succumbed to a scorpion's poison
             ... on level 4 of the Dungeon.
             The game lasted 00:06:15 (3058 turns).

Sixotanaka the Slasher (Barachi Warper)             Turns: 3058, Time: 00:06:16

Health: 0/58       AC:  4    Str: 12    XL:     5   Next: 18%
Magic:  8/8        EV: 12    Int: 14    God:
Gold:   125        SH:  0    Dex: 13    Spells: 6/8 levels left

rFire   + . .      SeeInvis .    a - +1 falchion
rCold   + . .      Faith    .    (no shield)
rNeg    . . .      Spirit   .    b - +0 leather armour
rPois   +          Reflect  .    p - +0 helmet
rElec   +          Harm     .    (no cloak)
rCorr   +          Rampage  .    (no gloves)
Will    .....                    (no boots)
Stlth   ..........               (no amulet)
HPRegen 0.29/turn                (no ring)
MPRegen 0.11/turn                (no ring)

@: berserking, lethally poisoned (0 -> -3), resistant, quick
A: amphibious, slowness 1, strong legs 1, +LOS
a: Hop


You were on level 4 of the Dungeon.
You visited 1 branch of the dungeon, and saw 4 of its levels.

You collected 125 gold pieces.

Inventory:

Hand Weapons
 a - a +1 falchion (weapon)
Missiles
 d - 7 boomerangs of dispersal (quivered)
Armour
 b - a +0 leather armour (worn)
 p - a +0 helmet (worn)
Scrolls
 c - a scroll of blinking
 e - 2 scrolls of magic mapping
 g - a scroll of enchant weapon
 i - 2 scrolls of teleportation
 j - a scroll of immolation {unknown}
 m - a scroll of poison
 q - a scroll of noise {unknown}
Potions
 n - a potion of flight {unknown}
 r - a potion of haste {unknown}


   Skills:
 - Level 2.4 Fighting
 + Level 6.3 Long Blades
 - Level 1.0 Throwing
 - Level 1.2 Armour
 - Level 2.1 Dodging
 - Level 2.1 Spellcasting
 - Level 3.2 Translocations


You had 6 spell levels left.
You knew the following spells:

 Your Spells              Type           Power      Damage    Failure   Level
a - Blink                 Tloc           20%        N/A       12%         2

Your spell library contained the following spells:

 Spells                   Type           Power      Damage    Failure   Level
 Lesser Beckoning         Tloc           20%        N/A       22%         3
 Teleport Other           Tloc           10%        N/A       22%         3
 Vhi's Electric Charge    Tloc/Air       12%        N/A       41%         3
 Manifold Assault         Tloc           10%        N/A       58%         4
 Inner Flame              Hex/Fire       1%         N/A       65%         3
 Cause Fear               Hex            0%         N/A       96%         4
 Discord                  Hex            0%         N/A       100%        8


Dungeon Overview and Level Annotations

Branches:
Dungeon (4/15)
 Temple: D:4-7

Altars:
Ashenzari
Qazlal
Yredelemnul

Shops:
D:3 (


Innate Abilities, Weirdness & Mutations

You are amphibious.
You cover ground slowly.
You can hop short distances.
You have an extended range of vision and can be seen from far away.


Message History

You feel very sick. The scorpion barely misses you. The scorpion stings you.
You are lethally poisoned!
The scorpion poisons you!
You feel much better.
You feel very sick. The scorpion closely misses you.
You feel protected.
You feel very sick.
The scorpion stings you but does no damage.
You closely miss the scorpion.
The scorpion is heavily wounded.
You feel very sick. The scorpion stings you.
You closely miss the scorpion.
The scorpion is heavily wounded.
You feel very sick.
The scorpion stings you but does no damage.
You completely miss the scorpion.
The scorpion is heavily wounded.
You feel sick. The scorpion stings you. x2
* * * LOW HITPOINT WARNING * * *
You hit the scorpion but do no damage.
The scorpion is heavily wounded.
You feel sick. The scorpion stings you.
* * * LOW HITPOINT WARNING * * *
You hit the scorpion.
The scorpion is heavily wounded.
* * * LOW HITPOINT WARNING * * *
You feel sick.
The scorpion stings you but does no damage.
It was a potion of berserk rage.
A red film seems to cover your vision as you go berserk!
You feel yourself moving faster!
You feel mighty!
* * * LOW HITPOINT WARNING * * *
You feel sick. The scorpion stings you.
* * * LOW HITPOINT WARNING * * *
You slash the scorpion!
You kill the scorpion!
You die...

*,,,,,,,,***.*
********,,,.#* ***#.*
*.#* *#.* **** *#.#*
**,,, *..# **,,,,
##.#* *,*,,, #@.#
*##*⌠,*,* ####.##
*##..*,*,,, #....#
*#....**,,,, ##...#
*#......**+++ ###.#
*#.......,,,,,
#.###.........,,,,
#.[#...........,,,
***##.#...........,,*
*,,*#.............,,*


There were no monsters in sight!

Vanquished Creatures
  A scorpion (D:4)
  An iguana (D:3)
  4 adders
  A worm (D:2)
  3 dart slugs
  4 orcs
  6 endoplasms
  3 giant cockroaches
  3 goblins
  8 hobgoblins
  A quokka (D:4)
  8 ball pythons
  4 bats (D:1)
  3 frilled lizards
  7 kobolds
  3 rats
60 creatures vanquished.

Vanquished Creatures (others)
  A plant (D:3)
1 creature vanquished.

Grand Total: 61 creatures vanquished

Notes
Turn   | Place    | Note
-------+----------+-------------------------------------------
     0 | D:1      | Sixotanaka the Barachi Warper began the quest for the Orb.
     0 | D:1      | Reached XP level 1. HP: 17/17 MP: 3/3
   101 | D:1      | Reached skill level 3 in Long Blades
   203 | D:1      | Reached XP level 2. HP: 23/23 MP: 5/5
   233 | D:1      | Learned a level 2 spell: Blink
   525 | D:1      | Found a faded altar of an unknown god.
   814 | D:2      | Reached skill level 4 in Long Blades
   866 | D:2      | Reached XP level 3. HP: 25/28 MP: 6/6
  1049 | D:2      | Found a basalt altar of Yredelemnul.
  1658 | D:3      | Reached skill level 5 in Long Blades
  1725 | D:3      | Reached XP level 4. HP: 30/34 MP: 7/7
  1938 | D:3      | Found a stormy altar of Qazlal.
  1938 | D:3      | Found a broken altar of Ashenzari.
  2534 | D:3      | Found Hustuijox's Antique Weapon Shoppe.
  2676 | D:4      | Noticed a necrophage
  2717 | D:3      | Reached skill level 6 in Long Blades
  2717 | D:3      | Reached XP level 5. HP: 28/39 MP: 8/8
  2855 | D:4      | HP: 1/39 [poisoned by a kobold]
  3057 | D:4      | HP: 1/58 [scorpion (2)]
  3058 | D:4      | Succumbed to a scorpion's poison

Illustrated notes

Levels and vault maps discovered:
D:1:      lightli_arrival_windingriver, layout_basic,
          ebering_ecumenical_altar_webs, minmay_small_reverse_x
D:2:      layout_loops_ring, basic_altar, kennysheep_minor_cross
D:3:      layout_basic, mainiacjoe_overflow_divided_tiny, serial_shops, shop,
          hangedman_decor_peaks_small, hangedman_decor_riveting,
          serial_bayou_pond_d, kennysheep_generic_room_15
D:4:      layout_cave_pods, lemuel_round_altar, gammafunk_ghost_nasty_kobolds,
          portal_sewer_entry_e, minmay_misc_feat_nine_boxes,
          minmay_misc_feat_chi, minmay_misc_feat_four_crosses, uniq_edmund

Skill      XL: |  1  2  3  4 |
---------------+-------------+-----
Long Blades    | 3 4 5 6 |  6.3
Fighting       | |  2.4
Throwing       | |  1.0
Armour         | |  1.2
Dodging        | |  2.1
Spellcasting   | |  2.1
Translocations | |  3.2

Action                   |  1- 3 |  4- 6 || total
-------------------------+-------+-------++-------
Melee: Falchion          |   163 |    88 ||   251
  Use: Scroll            |       |     7 ||     7
       Potion            |       |     4 ||     4
Armor: Leather armour    |    43 |    17 ||    60
Dodge: Dodged            |   115 |    46 ||   161

Table legend: (Time is in decaauts)
 A = Elapsed time spent in this place.
 B = Non-inter-level travel time spent in this place.
 C = Inter-level travel time spent in this place.
 D = Time resting spent in this place.
 E = Time spent auto-exploring this place.
 F = Levels seen in this place.
 G = Mean time per level.
                   A        B        C        D        E       F      G
               +--------+--------+--------+--------+--------+-----+--------+
         Total |   3501 |   3281 |    220 |    493 |   2087 |   4 |  875.2 |
       Dungeon |   3501 |   3281 |    220 |    493 |   2087 |   4 |  875.2 |
               +--------+--------+--------+--------+--------+-----+--------+

Top non-repeatable levels by time:
     D:3: 1426 daAuts
     D:2: 1011 daAuts
     D:1: 907 daAuts
     D:4: 156 daAuts
